 Dungeon Crawl Stone Soup version 0.24.0-125-gc4c63601f3 (webtiles) character file.

Game seed: 12292219039673635750, levelgen mode: deterministic

879 Lemonice the Grasshopper (level 8, -4/63 HPs)
             Began as a Gnoll Warper on Feb 21, 2020.
             Was an Initiate of Ru.
             Shot with an arrow by a centaur (11 damage)
             ... on level 6 of the Dungeon.
             The game lasted 00:15:15 (4992 turns).

Lemonice the Grasshopper (Gnoll Warper)             Turns: 4992, Time: 00:15:17

Health: -4/63      AC: 11    Str: 16    XL:     8   Next: 5%
Magic:  15/16      EV: 12    Int: 15    God:    Ru [......]
Gold:   431        SH:  0    Dex: 15    Spells: 11/18 levels left

rFire    . . .     SeeInvis +   F - +0 trident
rCold    . . .     Gourm    .   (no shield)
rNeg     . . .     Faith    .   m - +0 scale mail
rPois    .         Spirit   .   w - +0 helmet
rElec    .         Reflect  .   s - +2 cloak
rCorr    .         Harm     .   (no gloves)
MR       .....                  (no boots)
Stlth    +.........             (no amulet)
HPRegen  0.20/turn              v - ring of see invisible
MPRegen  0.15/turn              (no ring)

@: shrouded
A: distributed training, fangs 1, strong nose
a: Renounce Religion


You were on level 6 of the Dungeon.
You worshipped Ru.
Ru was noncommittal.
You were not hungry.

You visited 2 branches of the dungeon, and saw 7 of its levels.
You also visited: Ossuary.

You collected 431 gold pieces.

Inventory:

Hand Weapons
 a - a +0 spear
 F - a +0 trident (weapon)
Missiles
 e - 4 boomerangs of dispersal (quivered)
 h - 12 boomerangs
 E - a throwing net
Armour
 b - a +0 leather armour
 m - a +0 scale mail (worn)
 s - a +2 cloak (worn)
 w - a +0 helmet (worn)
Jewellery
 v - a ring of see invisible (left hand)
Wands
 H - a wand of paralysis (12)
Scrolls
 c - 3 scrolls of fog
 d - 7 scrolls of blinking
 g - a scroll of amnesia {unknown}
 o - 2 scrolls of enchant armour {unknown}
 r - 2 scrolls of teleportation {unknown}
 t - 3 scrolls of magic mapping {unknown}
 y - 4 scrolls of remove curse
 B - a scroll of random uselessness {unknown}
 C - a scroll of enchant weapon {unknown}
Potions
 i - 6 potions of lignification
 j - 4 potions of heal wounds
 k - 2 potions of berserk rage
 l - a potion of invisibility {unknown}
 n - 3 potions of mutation
 p - 3 potions of curing
 q - a potion of agility {unknown}
 u - a potion of ambrosia {unknown}
 x - a potion of haste {unknown}
 z - 2 potions of flight {unknown}
 D - 2 potions of might
Comestibles
 f - 12 rations
 G - a chunk of flesh


   Skills:
 + Level 5.4 Fighting
 + Level 2.8 Short Blades
 + Level 2.8 Long Blades
 + Level 2.8 Axes
 + Level 2.8 Maces & Flails
 + Level 5.4 Polearms
 + Level 2.8 Staves
 + Level 2.8 Slings
 + Level 2.8 Bows
 + Level 2.8 Crossbows
 + Level 3.9 Throwing
 + Level 3.9 Armour
 + Level 5.4 Dodging
 + Level 2.8 Stealth
 + Level 2.8 Shields
 + Level 2.8 Unarmed Combat
 + Level 5.8 Spellcasting
 + Level 2.3 Conjurations
 + Level 2.3 Hexes
 + Level 2.3 Charms
 + Level 2.3 Summonings
 + Level 2.3 Necromancy
 + Level 6.0 Translocations
 + Level 2.3 Transmutations
 + Level 2.3 Fire Magic
 + Level 2.3 Ice Magic
 + Level 2.3 Air Magic
 + Level 2.3 Earth Magic
 + Level 2.3 Poison Magic
 + Level 3.1 Invocations
 + Level 2.8 Evocations


You had 11 spell levels left.
You knew the following spells:

 Your Spells              Type           Power        Failure   Level  Hunger
a - Blink                 Tloc           N/A          7%          2    #......
b - Shroud of Golubria    Chrm/Tloc      ###...       14%         2    #......
c - Teleport Other        Tloc           ###.....     13%         3    ###....

Your spell library contained the following spells:

 Spells                   Type           Power        Failure   Level  Hunger
 Gell's Gravitas          Tloc           ###.......   13%         3    ###....
 Lesser Beckoning         Tloc           ###.......   13%         3    ###....
 Magic Dart               Conj           ##..         21%         1    None
 Searing Ray              Conj           ##....       30%         2    #......
 Passage of Golubria      Tloc           N/A          41%         4    ####...
 Dazzling Spray           Conj/Hex       ##....       52%         3    ###....
 Force Lance              Conj/Tloc      ###.....     67%         4    ####...
 Fulminant Prism          Conj/Hex       ##........   89%         4    ####...
 Iskenderun's Mystic Bla  Conj           ##......     89%         4    ####...


Dungeon Overview and Level Annotations

Branches:
Dungeon (6/15)             Temple (1/1) D:5         Ossuary (visited)

Altars:
Ashenzari
Elyvilon
Fedhas
Gozag
Hepliaklqana
Kikubaaqudgha
Makhleb
Qazlal
Ru
Sif Muna
Uskayaw
Vehumet
Wu Jian
Xom
Yredelemnul
Zin

Annotations:
D:4 3 runed translucent doors, 1994's ghost, amateur DsAr; Curus's ghost, novice HOAK; Grinder; abdbla's ghost, novice GnWz


Innate Abilities, Weirdness & Mutations

Your experience applies equally to all skills.
You have very sharp teeth.
Your uncanny sense of smell can sniff out nearby items.


Message History

You puncture the centaur!
The centaur is heavily wounded.
The centaur barely misses you.
The centaur shoots an arrow.
The arrow barely misses you. The centaur misses you.
You hit the centaur. Your bite misses the centaur.
The centaur is almost dead.
The centaur hits you but does no damage.
The centaur shoots an arrow.
The arrow hits you.
You hit the centaur. You bite the centaur, but do no damage.
The centaur is almost dead.
The centaur barely misses you.
The centaur shoots an arrow.
The arrow hits you!
* * * LOW HITPOINT WARNING * * *
The centaur hits you but does no damage.
You barely miss the centaur.
The centaur is almost dead.
The centaur shoots an arrow.
The arrow hits you.
* * * LOW HITPOINT WARNING * * *
The centaur hits you but does no damage.
The centaur shoots an arrow.
The arrow hits you!
You die...

#.#.###.##
#........#
#..#####...
########..#
#......)..# #
#.######..# .#
#((#####.#
##..(((.(.#####
#........@c......
#.......#########
#.......#
.........#
∆###...c....
..$......##
##.......#


You could see 2 centaurs.

Vanquished Creatures
  A phantom (D:4)
  2 ogres
  A big kobold (D:5)
  A bullfrog (D:4)
  A crimson imp (D:5)
  An orc priest (D:4)
  A worker ant (D:4)
  3 orc wizards (D:4)
  Terence (D:2)
  A hound skeleton (D:4)
  8 mummies (Ossuary)
  7 adders
  A shadow imp (D:6)
  2 oozes
  2 adder skeletons (D:4)
  3 worms (D:3)
  A dart slug (D:2)
  8 leopard geckos
  5 orcs
  3 ball pythons
  3 giant cockroaches
  8 goblins
  8 hobgoblins
  3 jackals (D:2)
  12 kobolds
  2 quokkas (D:4)
  5 bats
  6 frilled lizards
  5 hobgoblin zombies (Ossuary)
  2 kobold zombies (Ossuary)
  An orc zombie (Ossuary)
  A quokka skeleton (D:5)
  9 rats
118 creatures vanquished.

Vanquished Creatures (others)
  An orc wizard (D:4)
  A plant (D:5)
2 creatures vanquished.

Grand Total: 120 creatures vanquished

Notes
Turn   | Place    | Note
-------+----------+-------------------------------------------
     0 | D:1      | Lemonice the Gnoll Warper began the quest for the Orb.
     0 | D:1      | Reached XP level 1. HP: 20/20 MP: 6/6
   203 | D:1      | Reached XP level 2. HP: 23/26 MP: 7/7
   328 | D:1      | You fall into a shaft and drop 1 floor!
   371 | D:2      | Noticed Terence
   377 | D:2      | Learned a level 2 spell: Blink
   419 | D:2      | Killed Terence
   419 | D:2      | Reached skill level 5 in Spellcasting
   419 | D:2      | Reached skill level 1 in Invocations
   419 | D:2      | Reached XP level 3. HP: 12/31 MP: 1/9
   907 | D:2      | Reached skill level 1 in Short Blades
   907 | D:2      | Reached skill level 1 in Long Blades
   907 | D:2      | Reached skill level 1 in Axes
   907 | D:2      | Reached skill level 1 in Maces & Flails
   907 | D:2      | Reached skill level 1 in Staves
   907 | D:2      | Reached skill level 1 in Slings
   907 | D:2      | Reached skill level 1 in Bows
   907 | D:2      | Reached skill level 1 in Crossbows
   907 | D:2      | Reached skill level 1 in Stealth
   907 | D:2      | Reached skill level 1 in Shields
   907 | D:2      | Reached skill level 1 in Unarmed Combat
   907 | D:2      | Reached skill level 1 in Evocations
   962 | D:2      | Reached XP level 4. HP: 36/38 MP: 11/11
  1102 | D:2      | Found a radiant altar of Vehumet.
  1587 | D:3      | Learned a level 2 spell: Shroud of Golubria
  1646 | D:3      | Reached skill level 1 in Conjurations
  1646 | D:3      | Reached skill level 1 in Hexes
  1646 | D:3      | Reached skill level 1 in Charms
  1646 | D:3      | Reached skill level 1 in Summonings
  1646 | D:3      | Reached skill level 1 in Necromancy
  1646 | D:3      | Reached skill level 1 in Transmutations
  1646 | D:3      | Reached skill level 1 in Fire Magic
  1646 | D:3      | Reached skill level 1 in Ice Magic
  1646 | D:3      | Reached skill level 1 in Air Magic
  1646 | D:3      | Reached skill level 1 in Earth Magic
  1646 | D:3      | Reached skill level 1 in Poison Magic
  1870 | D:3      | Found a hazy altar of Hepliaklqana.
  1916 | D:3      | Reached XP level 5. HP: 30/43 MP: 12/12
  2090 | D:3      | Found a shattered altar of Ashenzari.
  2289 | D:3      | Found a faded altar of an unknown god.
  2336 | D:3      | Found a stormy altar of Qazlal.
  2542 | D:4      | Found an ancient bone altar of Kikubaaqudgha.
  2678 | D:4      | Noticed Grinder
  2678 | D:4      | Noticed an ogre
  2859 | D:4      | Found a runed translucent gate.
  2859 | D:4      | Found a runed translucent gate.
  2859 | D:4      | Found a runed translucent gate.
  2859 | D:4      | Noticed abdbla's ghost (novice GnWz)
  2859 | D:4      | Noticed 1994's ghost (amateur DsAr)
  2859 | D:4      | Noticed Curus's ghost (novice HOAK)
  2952 | D:4      | Reached XP level 6. HP: 13/50 MP: 8/13
  2981 | D:4      | Reached skill level 5 in Fighting
  2981 | D:4      | Reached skill level 5 in Polearms
  2981 | D:4      | Reached skill level 5 in Dodging
  3128 | D:4      | Noticed a phantom
  3129 | D:4      | Found a basalt altar of Yredelemnul.
  3130 | D:4      | Found a hide-covered altar of Uskayaw.
  3162 | D:4      | Killed a phantom
  3271 | D:4      | Reached XP level 7. HP: 44/56 MP: 15/15
  3713 | D:5      | Entered Level 5 of the Dungeon
  3713 | D:5      | Found a staircase to the Ecumenical Temple.
  3721 | Temple   | Entered the Ecumenical Temple
  3739 | Temple   | Became a worshipper of Ru the Awakened
  3850 | D:5      | Found a sand-covered staircase.
  3855 | Ossuary  | Entered an ossuary
  4355 | D:5      | Learned a level 3 spell: Teleport Other
  4854 | D:6      | Reached skill level 6 in Translocations
  4854 | D:6      | Reached XP level 8. HP: 37/63 MP: 14/16
  4992 | D:6      | Shot with an arrow by a centaur

Levels and vault maps discovered:
D:1:      lightli_arrival_maybe_door_vault, layout_loops_ring, grunt_decor_cap,
          chequers_serial_rivers_room_a, hangedman_decor_growths
D:2:      layout_loops_cross, marbit_many_paths, dk_noncrumbling_4, uniq_terence
D:3:      layout_basic, overflow_temple_1_default, lemuel_doored_altar,
          ashenzari_conservatory_becter, chequers_ecumenical_altar_grove,
          first_ration
D:4:      layout_rooms, gammafunk_temple_overflow_pools, lemuel_round_altar,
          gammafunk_ghost_cemetery, uniq_grinder
D:5:      layout_rooms, minmay_temple_entry_grid, enter_ossuary_5,
          lexackson_kobold_supper
D:6:      layout_loops_ring, basic_altar, patterned_corridor
Temple:   zaba_magenta_temple

Skill      XL: |  1  2  3  4  5  6  7 |
---------------+----------------------+-----
Spellcasting   | 5 |  5.8
Invocations    | 1 2 3 |  3.1
Short Blades   | 1 2 |  2.8
Long Blades    | 1 2 |  2.8
Axes           | 1 2 |  2.8
Maces & Flails | 1 2 |  2.8
Staves         | 1 2 |  2.8
Slings         | 1 2 |  2.8
Bows           | 1 2 |  2.8
Crossbows      | 1 2 |  2.8
Stealth        | 1 2 |  2.8
Shields        | 1 2 |  2.8
Unarmed Combat | 1 2 |  2.8
Evocations     | 1 2 |  2.8
Conjurations   | 1 2 |  2.3
Hexes          | 1 2 |  2.3
Charms         | 1 2 |  2.3
Summonings     | 1 2 |  2.3
Necromancy     | 1 2 |  2.3
Transmutations | 1 2 |  2.3
Fire Magic     | 1 2 |  2.3
Ice Magic      | 1 2 |  2.3
Air Magic      | 1 2 |  2.3
Earth Magic    | 1 2 |  2.3
Poison Magic   | 1 2 |  2.3
Throwing       | 3 |  3.9
Armour         | 3 |  3.9
Fighting       | 5 |  5.4
Polearms       | 5 |  5.4
Dodging        | 5 |  5.4
Translocations | 6 |  6.0

Action                   |  1- 3 |  4- 6 |  7- 9 || total
-------------------------+-------+-------+-------++-------
Melee: Spear             |   147 |   370 |   264 ||   781
       Bite              |    11 |    36 |    37 ||    84
       Punch             |       |     3 |     5 ||     8
       Trident           |       |       |    30 ||    30
Throw: Boomerang         |     1 |       |       ||     1
 Cast: Blink             |     4 |     2 |       ||     6
       Shroud of Golubri |       |     4 |     8 ||    12
  Use: Potion            |       |     1 |     2 ||     3
       Scroll            |       |       |     7 ||     7
 Stab: Sleeping          |     1 |       |       ||     1
  Eat: Chunk             |       |     8 |     4 ||    12
       Ration            |       |       |     1 ||     1
Armor: Leather armour    |     8 |       |       ||     8
       Skin              |     9 |       |       ||     9
       Scale mail        |    15 |   119 |    64 ||   198
Dodge: Dodged            |    60 |   172 |   104 ||   336
